 Dungeon Crawl Stone Soup version 0.21-a0-223-g812f45e (webtiles) character file.

1213 pokedragonboy the Firebug (level 8, 0/41 HPs)
             Began as a Deep Elf Fire Elementalist on Aug 28, 2017.
             Was a Follower of Vehumet.
             Slain by a gnoll
             ... wielding a cursed -1 spear
              (4 damage)
             ... on level 6 of the Dungeon.
             The game lasted 00:24:21 (6945 turns).

pokedragonboy the Firebug (DEFE)                    Turns: 6945, Time: 00:24:22

Health: 0/41       AC:  4    Str:  5    XL:     8   Next: 22%
Magic:  1/20       EV: 13    Int: 26    God:    Vehumet [*.....]
Gold:   177        SH:  0    Dex: 15    Spells: 3/21 levels left

rFire    + . .     SeeInvis .   o - +0 short sword (venom)
rCold    x . .     Gourm    .   (no shield)
rNeg     . . .     Faith    .   a - +0 robe
rPois    .         Spirit   .   (no helmet)
rElec    .         Reflect  .   A - +0 cloak {+Inv}
rCorr    .         Harm     .   (no gloves)
MR       .....                  I - +0 pair of boots (curse)
Stlth    ++........             (no amulet)
HPRegen  0.13/turn              h - ring of fire
MPRegen  0.17/turn              j - +3 ring of intelligence

@: no status effects
A: no striking features
a: Renounce Religion, Evoke Invisibility


You were on level 6 of the Dungeon.
You worshipped Vehumet.
Vehumet was aware of your devotion.
You were not hungry.

You visited 1 branch of the dungeon, and saw 6 of its levels.

You collected 177 gold pieces.

Inventory:

Hand Weapons
 o - a +0 short sword of venom (weapon)
Missiles
 y - 5 tomahawks (quivered)
Armour
 a - a +0 robe (worn)
 l - a +0 buckler
 A - a +0 cloak of invisibility (worn)
 I - a cursed +0 pair of boots (worn)
Jewellery
 h - a ring of fire (left hand)
 j - a +3 ring of intelligence (right hand)
 k - an uncursed ring of resist corrosion
 q - a +2 ring of evasion
Wands
 t - a wand of enslavement (11/24)
 H - a wand of iceblast (8/15)
Scrolls
 g - a scroll of enchant weapon
 r - a scroll of magic mapping {unknown}
 v - a scroll of blinking
 w - a scroll of enchant armour {unknown}
 x - 2 scrolls of remove curse
 C - a scroll of random uselessness {unknown}
 D - a scroll of teleportation {unknown}
 G - a scroll of amnesia {unknown}
Potions
 d - 2 potions of flight
 e - 2 potions of agility
 f - 3 potions of might
 i - 2 potions of berserk rage
 m - a potion of invisibility
 n - a potion of curing
 s - a potion of heal wounds {unknown}
 u - a potion of haste {unknown}
 z - a potion of ambrosia {unknown}
 B - a potion of lignification {unknown}
Books
 b - a book of Flames

   Spells                             Type                      Level
   a - Flame Tongue                   Conjuration/Fire             1
   b - Throw Flame                    Conjuration/Fire             2
   c - Conjure Flame                  Conjuration/Fire             3
   d - Inner Flame                    Hexes/Fire                   3
   e - Sticky Flame                   Conjuration/Fire             4
   f - Fireball                       Conjuration/Fire             5
Comestibles
 c - 5 bread rations
 p - 2 royal jellies
 E - 2 meat rations
 F - 3 chunks of flesh


   Skills:
 - Level 2.4 Dodging
 - Level 2.4 Stealth
 * Level 1.7 Shields
 - Level 7.1 Spellcasting
 - Level 5.9 Conjurations
 + Level 7.5 Fire Magic


You had 3 spell levels left.
You knew the following spells:

 Your Spells              Type           Power        Failure   Level  Hunger
a - Flame Tongue          Conj/Fire      #####        1%          1    None
b - Throw Flame           Conj/Fire      ######       1%          2    None
c - Conjure Flame         Conj/Fire      ######..     1%          3    None
d - Inner Flame           Hex/Fire       #####...     4%          3    None
e - Fireball              Conj/Fire      ######....   11%         5    #####..
f - Sticky Flame          Conj/Fire      ######..     3%          4    ###....


Dungeon Overview and Level Annotations

Branches:
Dungeon (6/15)             Temple (0/1) D:6

Altars:
Okawaru
Sif Muna
Vehumet
Xom
The Shining One

Shops:
D:5 (


Message History

The hound closely misses you.
The orc wizard gestures at you while chanting.
The magic dart hits you! The gnoll hits you but does no damage.
The hound barely misses you.
Okay, then.
Okay, then.
The crimson imp blinks!
The orc wizard points at you and mumbles some strange words.
The puff of frost hits you!
You feel a terrible chill!
* * * LOW HITPOINT WARNING * * *
You see here 18 bolts.
The crimson imp blinks!
The orc wizard looks satisfied for a moment.
You feel better. The hound barely misses you. The hound bites you.
* * * LOW HITPOINT WARNING * * *
The orc wizard casts a spell at you. The magic dart hits you!
* * * LOW HITPOINT WARNING * * *
The gnoll hits you from afar with an enchanted spear.
You die...

### ## ### #.########
#.##.#+## ##.........
#.......# #..........
#.#g##..# #......≈≈≈≈
#.#g###.###....≈≈≈≈≈≈
####...h.o......≈≈≈≈≈≈≈≈
.......@##.###.≈≈≈≈≈≈...
####...5##g# #........>.
#...(..o# #.≈≈≈≈≈≈...
#.....)#### #.≈≈≈≈≈≈≈≈≈
####.#.# #..≈≈≈≈≈≈≈≈
....(. #....≈≈≈≈≈≈
####.). ......≈≈≈≈ #.).#
.... #...# ...#


You could see a hound, an orc wizard, 2 gnolls and a crimson imp.

Vanquished Creatures
  A black bear (D:5)
  An ice beast (D:5)
  An ogre (D:6)
  A gnoll sergeant (D:6)
  A bullfrog (D:3)
  A crimson imp (D:5)
  2 hounds
  Crazy Yiuf (D:3)
  A centaur skeleton (D:5)
  An orc priest (D:4)
  7 orc wizards
  A bullfrog skeleton (D:6)
  Natasha (thrice) (D:4)
  3 worker ants
  A hound skeleton (D:5)
  6 adders
  5 gnolls (D:6)
  2 oozes
  An adder skeleton (D:5)
  6 worms
  5 dart slugs
  3 leopard geckos
  18 orcs
  5 ball pythons
  6 giant cockroaches
  4 goblins (D:1)
  9 hobgoblins
  4 jackals (D:5)
  5 quokkas
  9 bats
  7 frilled lizards
  12 kobolds
  2 quokka skeletons (D:4)
  A quokka zombie (D:6)
  5 rats
141 creatures vanquished.

Notes
Turn   | Place    | Note
-------+----------+-------------------------------------------
     0 | D:1      | pokedragonboy the Deep Elf Fire Elementalist began the quest for the Orb.
     0 | D:1      | Reached XP level 1. HP: 10/10 MP: 6/6
   287 | D:1      | Reached XP level 2. HP: 15/15 MP: 5/8
   426 | D:1      | Learned a level 2 spell: Throw Flame
  1117 | D:2      | Reached XP level 3. HP: 14/19 MP: 2/9
  1262 | D:2      | Learned a level 3 spell: Conjure Flame
  1266 | D:2      | Learned a level 3 spell: Inner Flame
  1400 | D:2      | Found an iron altar of Okawaru.
  1656 | D:2      | Reached XP level 4. HP: 6/24 MP: 0/11
  1914 | D:2      | Found a shimmering altar of Xom.
  1917 | D:2      | Found a shimmering altar of Xom.
  1918 | D:2      | Found a shimmering altar of Xom.
  1919 | D:2      | Found a shimmering altar of Xom.
  3066 | D:3      | Reached skill level 5 in Fire Magic
  3233 | D:3      | Found a runed door.
  3274 | D:3      | Noticed Crazy Yiuf
  3281 | D:3      | Killed Crazy Yiuf
  3281 | D:3      | Reached XP level 5. HP: 28/28 MP: 2/12
  3514 | D:3      | Found a deep blue altar of Sif Muna.
  3716 | D:3      | Reached XP level 6. HP: 32/32 MP: 10/14
  3723 | D:3      | Learned a level 5 spell: Fireball
  4319 | D:4      | Noticed Natasha
  4322 | D:4      | Killed Natasha
  4395 | D:4      | Noticed Natasha
  4396 | D:4      | Killed Natasha
  4396 | D:4      | Reached skill level 5 in Spellcasting
  4505 | D:4      | Noticed Natasha
  4506 | D:4      | Killed Natasha
  4648 | D:4      | Found a glowing golden altar of the Shining One.
  4762 | D:5      | Entered Level 5 of the Dungeon
  5271 | D:5      | Reached XP level 7. HP: 36/36 MP: 5/17
  5457 | D:5      | Found Wuzycir's Weapon Shoppe.
  5466 | D:5      | Found a radiant altar of Vehumet.
  5472 | D:5      | Reached skill level 5 in Conjurations
  5491 | D:5      | Became a worshipper of Vehumet
  6451 | D:5      | Learned a level 4 spell: Sticky Flame
  6578 | D:6      | Found a staircase to the Ecumenical Temple.
  6645 | D:6      | Reached XP level 8. HP: 41/41 MP: 11/20
  6738 | D:6      | Reached skill level 1 in Shields
  6914 | D:6      | Reached * piety under Vehumet
  6914 | D:6      | Offered knowledge of Sting by Vehumet.
  6945 | D:6      | Slain by a gnoll

Vault maps used:
D:1:      minmay_arrival_four_houses
D:2:      minmay_wonky_spiral, okawaru_ov_weapons_minmay, xom_redecorated,
          patterned_corridor
D:3:      led_sif_book, uniq_crazy_yiuf_cottage
D:4:      first_bread, mrwooster_statue_mirror, nicolae_tso_swordbearing_angel,
          uniq_natasha
D:5:      serial_co_window_serial, co_window_corner_a, co_window_corner_a,
          co_window_corner_a, co_window_corner_a, co_window_paths_a,
          co_window_cross_2, co_window_unsneaky_path_c,
          co_window_of_opportunity_c, co_window_cross_4,
          co_window_of_opportunity_b, co_window_paths_c, co_window_sun,
          co_window_4corner_a, glass_columns_a, glass_columns_a,
          glass_columns_b, glass_columns_a, glass_columns_b, serial_shops,
          nicolae_shop_behind_doors, vehumet_altar_wand_db
D:6:      chequers_temple_overflow_minitemple, temple_pool_b,
          hangedman_minor_gate_pass

Skill      XL: |  1  2  3  4  5  6  7  8 |
---------------+-------------------------+-----
Conjurations   | 2 3 4 5 |  5.9
Fire Magic     | 4 5 6 7 |  7.5
Spellcasting   | 4 5 7 |  7.1
Shields        | 1 |  1.7
Dodging        | |  2.4
Stealth        | |  2.4

Action                   |  1- 3 |  4- 6 |  7- 9 || total
-------------------------+-------+-------+-------++-------
Melee: Short sword       |    10 |     4 |    11 ||    25
Throw: Tomahawk          |       |       |     4 ||     4
 Cast: Flame Tongue      |    66 |   105 |    77 ||   248
       Throw Flame       |    13 |    22 |    15 ||    50
       Conjure Flame     |     2 |     6 |     7 ||    15
       Inner Flame       |     1 |     3 |     4 ||     8
Evoke: Wand              |       |       |     2 ||     2
  Use: Scroll            |     4 |     6 |     2 ||    12
       Potion            |       |       |     1 ||     1
  Eat: Chunk             |     2 |    10 |     7 ||    19
Armor: Robe              |     4 |     3 |    15 ||    22
Dodge: Dodged            |    18 |    20 |    39 ||    77

Table legend:
 A = Spawn XP
 B = Non-spawn XP
 C = Spawn XP percentage of total XP
 D = Spawn monster count
 E = Non-spawn monster count
 F = Spawn count percentage of total count
 G = Total turns spent on level
                    A         B        C        D         E        F      G
               +---------+---------+-------+---------+---------+-------+---------
         Total |     250 |    1484 |  14.4 |      21 |     120 |  14.9 |  6945
               +---------+---------+-------+---------+---------+-------+---------
           D:1 |       7 |      25 |  21.9 |       4 |      14 |  22.2 |  1024
           D:2 |      26 |      62 |  29.5 |       7 |      26 |  21.2 |  1610
           D:3 |      18 |     261 |   6.5 |       3 |      28 |   9.7 |  1306
           D:4 |       0 |     222 |   0.0 |       0 |      17 |   0.0 |   822
           D:5 |     199 |     464 |  30.0 |       7 |      17 |  29.2 |  1808
           D:6 |       0 |     450 |   0.0 |       0 |      18 |   0.0 |   375
               +---------+---------+-------+---------+---------+-------+---------
